[Event "Late-Titled-Tuesday-Blitz-January-23-2024"]
[Site "Chess.com"]
[Date "2024.01.23"]
[Round "11"]
[White "Chessdreamer2020"]
[Black "Quattroporte300"]
[Result "1-0"]
[WhiteElo "2537"]
[BlackElo "2425"]
[TimeControl "180+1"]
[EndTime "16:01:21 PST"]
[Termination "Chessdreamer2020 won by resignation"]

1. e4 c5 2. Nf3 Nc6 3. Bb5 g6 4. O-O Bg7 5. c3 e5 6. d4 cxd4 7. cxd4 exd4 8. Bf4 Nge7 9. Bd6 O-O 10. Nbd2 Re8 11. Bc4 Na5 12. Bd3 Qb6 13. e5 Nd5 14. Nc4 Nxc4 15. Bxc4 Nf4 16. Qd2 Ne6 17. Rad1 a6 18.
h4 Qc6 19. Rc1 Qe4 20. Rfe1 Qg4 21. Bxe6 dxe6 22. Rc7 b5 23. Qxd4 Qf5 24. Re4 h6 25. Rf4 Qb1+ 26. Kh2 g5 27. Rfxf7 Qg6 28. Rxg7+ Qxg7 29.
Rxg7+ Kxg7 30. hxg5 Bb7 31. gxh6+ Kh8 32. Qf4 1-0

[Event "Late-Titled-Tuesday-Blitz-January-23-2024"]
[Site "Chess.com"]
[Date "2024.01.23"]
[Round "11"]
[White "JaackCamel"]
[Black "Smile2005"]
[Result "0-1"]
[WhiteElo "2146"]
[BlackElo "2401"]
[TimeControl "180+1"]
[EndTime "16:01:25 PST"]
[Termination "Smile2005 won on time"]

1. d4 Nf6 2. c4 e6 3. Nc3 Bb4 4. e3 d5 5. Ne2 O-O 6. a3 Be7 7. Ng3 c5 8. cxd5 cxd4 9. exd4 Nxd5 10. Be2 Nc6 11. O-O Bf6 12. Be3 Nxe3 13. fxe3 b6 14.
Bf3 Bb7 15. Rc1 Rc8 16. Nce4 Bg5 17. Qe2 Nxd4 18. Qf2 Nxf3+ 19. gxf3 Rxc1 20. Rxc1 Bh4 21.
Qe2 f5 22. Nc3 f4 23. exf4 Qd4+ 24. Kg2 Qxf4 25. Qxe6+ Kh8 26. Nce4 Qxf3+ 27. Kh3 Bxg3 28. Rf1 Bf2+ 29. Ng3 Qg2+ 30. Kg4 Bc8 31. Rxf2 Bxe6+ 0-1

[Event "Late-Titled-Tuesday-Blitz-January-23-2024"]
[Site "Chess.com"]
[Date "2024.01.23"]
[Round "11"]
[White "Sanyura"]
[Black "tigurones"]
[Result "1-0"]
[WhiteElo "2621"]
[BlackElo "2481"]
[TimeControl "180+1"]
[EndTime "16:01:27 PST"]
[Termination "Sanyura won by resignation"]

1. Nf3 Nf6 2. g3 g6 3. d3 Bg7 4.
Bg2 O-O 5. O-O d5 6. Nbd2 c6 7. e4 Bg4 8. e5 Nfd7 9. h3 Bxf3 10. Nxf3 Nxe5 11. Nxe5 Bxe5 12. h4 Nd7 13. h5 Bg7 14.
Re1 e5 15. c3 Qf6 16. Qg4 Rad8 17. Bg5 Qd6 18. Bxd8 Rxd8 19. hxg6 hxg6 20. Bf3 f5 21.
Qh4 Bf6 22. Qa4 a6 23. Kg2 Nc5 24. Qc2 e4 25. dxe4 dxe4 26. Be2 Nd3 27. Bxd3 exd3 28. Qb3+ Kg7 29. Rad1 b5 30. Re6 Qd7 31. Re3 d2 32. Re2 Bg5 33. f4 Bf6 34. Rdxd2 Qc7 35. Qe6 Rxd2 36.
Rxd2 c5 37. Rd7+ 1-0

[Event "Late-Titled-Tuesday-Blitz-January-23-2024"]
[Site "Chess.com"]
[Date "2024.01.23"]
[Round "11"]
[White "DvaHrasta"]
[Black "CaspiIsrael"]
[Result "0-1"]
[WhiteElo "2507"]
[BlackElo "2687"]
[TimeControl "180+1"]
[EndTime "16:01:28 PST"]
[Termination "CaspiIsrael won on time"]

1. c4 e5 2. g3 Nf6 3. Bg2 c6 4. d4 exd4 5. Qxd4 d5 6. Nf3 Na6 7. O-O Bc5 8. Qe5+ Be7 9. cxd5 Qxd5 10. Nc3 Qxe5 11. Nxe5 O-O 12. h3 Be6 13. e4 Rfd8 14. Be3 h6 15. Rfd1 Bc5 16. Bxc5 Nxc5 17. f4 a5 18. Kf2 Kf8 19. Ke3 Ke7 20. f5 Bd7 21. a4 Be8 22. Nc4 Nfd7 23. e5 Rdb8 24. Rd6 Nxe5 25.
Nxe5 Kxd6 26. Nc4+ Kc7 27. f6 g5 28. h4 Bd7 29.
Rd1 Re8+ 30. Kf2 b6 31. Bf3 Re6 32. Kg2 Rxf6 33. Ne4 Nxe4 34. Bxe4 gxh4 35. Rxd7+ Kxd7 36. Nxb6+ Kc7 37. Nxa8+ Kb7 0-1

[Event "Late-Titled-Tuesday-Blitz-January-23-2024"]
[Site "Chess.com"]
[Date "2024.01.23"]
[Round "11"]
[White "RantomOpening"]
[Black "GothamChess"]
[Result "1-0"]
[WhiteElo "2566"]
[BlackElo "2747"]
[TimeControl "180+1"]
[EndTime "16:01:29 PST"]
[Termination "RantomOpening won on time"]

1. c4 g6 2. Nf3 Bg7 3. e4 d6 4. d4 Bg4 5. Be2 Bxf3 6. Bxf3 Nc6 7.
Be3 e5 8. d5 Nd4 9. Nc3 c5 10.
Qa4+ Kf8 11. h4 h5 12. O-O-O a6 13. Bxd4 exd4 14. Ne2 b5 15. cxb5 axb5 16. Qxb5 Rxa2 17. Kb1 Ra5 18. Qb7 Nf6 19. Kc2 Ra8 20. Ra1 Rb8 21. Qc6 Kg8 22. Ra7 Kh7 23. Rxf7 d3+ 24. Kxd3 Qa5 25. Qc7 Qb5+ 26. Ke3 Nxd5+ 27. exd5 Rbe8+ 28.
Kf4 Rhf8 29. Kg3 Qc4 30. Rxg7+ 1-0

[Event "Late-Titled-Tuesday-Blitz-January-23-2024"]
[Site "Chess.com"]
[Date "2024.01.23"]
[Round "11"]
[White "Alexei_Gubajdullin"]
[Black "AlexPapasimakopoulos"]
[Result "1-0"]
[WhiteElo "2633"]
[BlackElo "2755"]
[TimeControl "180+1"]
[EndTime "16:01:30 PST"]
[Termination "Alexei_Gubajdullin won by checkmate"]

1. Nf3 d5 2. g3 c6 3. Bg2 Bg4 4. O-O Nd7 5. c4 e6 6. d3 Ngf6 7. Qb3 Qb6 8. Be3 Bc5 9. d4 Be7 10. c5 Qxb3 11. axb3 a6 12. b4 Rc8 13. Nbd2 O-O 14.
Nb3 Rfe8 15. Na5 b6 16. Nb3 Ra8 17. Bf4 Ne4 18. Rfc1 Rec8 19. h3 Bh5 20. g4 Bg6 21. e3 f6 22. Bf1 b5 23. Na5 Ra7 24. Nxc6 Rxc6 25. Bxb5 axb5 26. Rxa7 Be8 27. Rca1 g5 28. Bh2 Kf8 29. R1a6 Rxa6 30. Rxa6 Nb8 31. Bxb8 Kf7 32. Ra7 Kf8 33. Ra6 Kf7 34. Ne1 Nd2 35. Nd3 Nc4 36.
c6 h6 37. Nc5 Nd6 38. Bxd6 Bxd6 39. c7 Bxc7 40. Ra7 e5 41. Rxc7+ Kg6 42. Ne6 Bc6 43. Nf8# 1-0

[Event "Late-Titled-Tuesday-Blitz-January-23-2024"]
[Site "Chess.com"]
[Date "2024.01.23"]
[Round "11"]
[White "karinachess1"]
[Black "ural58"]
[Result "1-0"]
[WhiteElo "2608"]
[BlackElo "2464"]
[TimeControl "180+1"]
[EndTime "16:01:30 PST"]
[Termination "karinachess1 won by resignation"]

1. d4 d5 2. c4 e5 3. dxe5 d4 4. Nf3 Nc6 5. g3 Nge7 6. Bg2 Ng6 7.
Bf4 Nxf4 8. gxf4 f6 9. O-O Bg4 10. Qb3 Qd7 11. Nbd2 O-O-O 12. Ne4 Bh3 13. Bxh3 Qxh3 14.
Kh1 Be7 15. Rg1 Qf5 16. Qd3 Kb8 17. exf6 gxf6 18. a3 Qxf4 19. Rg7 Bf8 20. Rf7 Re8 21. Nxf6 Qh4 22. Nxh4 1-0

[Event "Late-Titled-Tuesday-Blitz-January-23-2024"]
[Site "Chess.com"]
[Date "2024.01.23"]
[Round "11"]
[White "Msb2"]
[Black "vugarrasulov"]
[Result "0-1"]
[WhiteElo "3030"]
[BlackElo "2948"]
[TimeControl "180+1"]
[EndTime "16:01:34 PST"]
[Termination "vugarrasulov won by checkmate"]

1. d4 c5 2. d5 d6 3. c4 e5 4. e4 Be7 5. Nf3 Nf6 6. Nc3 O-O 7. Be2 Nbd7 8. O-O Ne8 9. Ne1 g6 10. Nd3 Ng7 11. f4 exf4 12. Bxf4 f5 13. e5 dxe5 14. Nxe5 Nxe5 15. Bxe5 Bd6 16. Bxd6 Qxd6 17. Qd2 a6 18. Rae1 Bd7 19. Bf3 Rae8 20. a3 b6 21. Ne2 b5 22.
b3 Re5 23. Nc1 Rfe8 24. Nd3 R5e7 25. Rxe7 Qxe7 26. Re1 Qf6 27. Rxe8+ Bxe8 28. Nxc5 Qa1+ 29. Kf2 Qxa3 30. Qd4 Qa2+ 31. Kg3 f4+ 32. Kxf4 Nf5 33.
Qc3 Qf2 34. Ne4 Qh4+ 35. Ke5 Qe7+ 36. Kf4 Qh4+ 37. Ke5 Qxh2+ 38. Ke6 Qc7 39. Nf6+ Kf8 40. Qb4+ Ne7 41. Nxh7+ Kg8 42. Nf6+ Kf8 43. Nxe8 Kxe8 44. Qd6 Qc8+ 45. Ke5 bxc4 46. bxc4 Qxc4 47. Qxa6 Qxa6 48.
d6 Nf5 49. Ke6 Qxd6# 0-1

[Event "Late-Titled-Tuesday-Blitz-January-23-2024"]
[Site "Chess.com"]
[Date "2024.01.23"]
[Round "11"]
[White "gxbg2000"]
[Black "chessflav"]
[Result "0-1"]
[WhiteElo "2135"]
[BlackElo "2305"]
[TimeControl "180+1"]
[EndTime "16:01:41 PST"]
[Termination "chessflav won by resignation"]

1. e4 d6 2. d4 g6 3. Bd3 Bg7 4. c3 Nd7 5. Ne2 e5 6. O-O Ne7 7. f4 exd4 8. cxd4 d5 9. Nbc3 dxe4 10. Nxe4 O-O 11. f5 Nxf5 12. Rxf5 gxf5 13. N4g3 Nf6 14. Nxf5 Bxf5 15. Bxf5 c5 16. Be3 cxd4 17. Bxd4 Qd5 18.
Qc2 Rac8 19. Qd3 Rcd8 20. Rd1 Rfe8 21. Nf4 Qd6 22. Qg3 Kh8 23. h3 Rg8 24. Qf2 b6 25.
Ne2 Qc6 26. Rd3 Nh5 27. Bxg7+ Nxg7 28. Bg4 Rxd3 29. Bf3 Rxf3 0-1

[Event "Late-Titled-Tuesday-Blitz-January-23-2024"]
[Site "Chess.com"]
[Date "2024.01.23"]
[Round "11"]
[White "FabianoCaruana"]
[Black "GMBenjaminBok"]
[Result "1-0"]
[WhiteElo "3053"]
[BlackElo "2896"]
[TimeControl "180+1"]
[EndTime "16:01:45 PST"]
[Termination "FabianoCaruana won by checkmate"]

1. e4 c5 2. Nf3 d6 3. Bb5+ Nd7 4.
O-O a6 5. Bd3 Ngf6 6. Re1 e6 7.
Bf1 b6 8. c4 Bb7 9. Nc3 Be7 10.
d4 cxd4 11. Nxd4 O-O 12. b3 Rc8 13. Bb2 Qc7 14. Rc1 Rfd8 15. Qd2 Bf8 16. f3 Ne5 17. Ba3 Qb8 18. Nd1 Ng6 19. Ne3 h6 20. Rcd1 d5 21.
Bxf8 Rxf8 22. exd5 exd5 23. cxd5 Rfd8 24. Ndf5 Nxd5 25.
Qb2 Nf6 26. Ng4 Nh5 27. Rxd8+ Rxd8 28. Bc4 Qf4 29. Qc2 b5 30. Nfxh6+ Kf8 31. Bxf7 Qd2 32. Qxd2 Rxd2 33. Re8# 1-0

[Event "Late-Titled-Tuesday-Blitz-January-23-2024"]
[Site "Chess.com"]
[Date "2024.01.23"]
[Round "11"]
[White "LUISMIGUELOV"]
[Black "Inepton_Fermion"]
[Result "0-1"]
[WhiteElo "2181"]
[BlackElo "2421"]
[TimeControl "180+1"]
[EndTime "16:01:48 PST"]
[Termination "Inepton_Fermion won on time"]

1. e4 g6 2. d4 Bg7 3. c3 d6 4.
Bg5 Nc6 5. d5 Ne5 6. f4 Nd7 7. Nf3 Ngf6 8. Nbd2 Nc5 9. Bb5+ Bd7 10. Bxd7+ Qxd7 11. Qe2 h6 12. Bh4 O-O 13. b4 Na4 14.
Rc1 Nh5 15. g3 Nxc3 16. Qc4 c6 17. Rxc3 cxd5 18. Qd3 Bxc3 19. Qxc3 Rac8 20. Qb2 dxe4 21. Nd4 e5 22. Ne2 exf4 23. Nxe4 Qe6 0-1

[Event "Late-Titled-Tuesday-Blitz-January-23-2024"]
[Site "Chess.com"]
[Date "2024.01.23"]
[Round "11"]
[White "mishanick"]
[Black "LevonAronian"]
[Result "1-0"]
[WhiteElo "3078"]
[BlackElo "3107"]
[TimeControl "180+1"]
[EndTime "16:01:50 PST"]
[Termination "mishanick won by resignation"]

1. d4 Nf6 2. c4 c5 3. d5 g6 4. Nc3 Bg7 5. e4 d6 6. Nf3 O-O 7. Bd3 Nbd7 8. O-O a6 9. h3 e5 10. Nh2 Kh8 11. g4 Ng8 12. f3 f5 13. exf5 gxf5 14.
Bxf5 Rxf5 15. gxf5 Ndf6 16. Bg5 Bxf5 17. Ng4 Qe8 18. Ne4 Nxe4 19. fxe4 Bxe4 20. Kh2 b5 21. Nf6 Nxf6 22. Bxf6 Bxf6 23. Rxf6 bxc4 24. Qg4 Bg6 25.
Raf1 Rb8 26. R1f2 e4 27. Re6 Qg8 28. Qf4 Qg7 29. Qxd6 Rg8 30. Qe5 Qxe5+ 31. Rxe5 Rd8 32. Kg3 Kg7 33. Kf4 1-0

[Event "Late-Titled-Tuesday-Blitz-January-23-2024"]
[Site "Chess.com"]
[Date "2024.01.23"]
[Round "11"]
[White "Durarbayli"]
[Black "OparinGrigoriy"]
[Result "0-1"]
[WhiteElo "2859"]
[BlackElo "3013"]
[TimeControl "180+1"]
[EndTime "16:01:54 PST"]
[Termination "OparinGrigoriy won on time"]

1. e4 c5 2. Nf3 Nc6 3. d4 cxd4 4. Nxd4 e5 5. Nb5 d6 6. c4 g6 7. Be2 Be6 8. O-O a6 9. N5c3 Bg7 10. Nd5 Nf6 11. Nbc3 Nd4 12. Bg5 h6 13. Be3 Nxd5 14. cxd5 Bd7 15. Qd2 Rc8 16. Rfe1 O-O 17. Bf1 Kh7 18.
Rac1 Qa5 19. Ne2 Qxd2 20. Bxd2 Nc2 21. Red1 f5 22. Bc3 Nd4 23. exf5 Nxf5 24. Bb4 e4 25.
Rxc8 Rxc8 26. Nc3 e3 27. fxe3 Nxe3 28. Rd3 Nf5 29. Be2 h5 30. g4 hxg4 31. Bxg4 Rc4 0-1

[Event "Late-Titled-Tuesday-Blitz-January-23-2024"]
[Site "Chess.com"]
[Date "2024.01.23"]
[Round "11"]
[White "StankovicIvan"]
[Black "Cubitas"]
[Result "0-1"]
[WhiteElo "2557"]
[BlackElo "2730"]
[TimeControl "180+1"]
[EndTime "16:02:01 PST"]
[Termination "Cubitas won by checkmate"]

1. e4 c5 2. c4 Nc6 3. Nc3 g6 4. g3 Bg7 5. Bg2 Nf6 6. Nge2 O-O 7. d3 Ne8 8. Be3 d6 9. d4 cxd4 10. Nxd4 Nc7 11. O-O Bd7 12. Rc1 Rc8 13. b3 a6 14. h3 Nxd4 15. Bxd4 Bxd4 16. Qxd4 Ne6 17. Qd2 b5 18. cxb5 axb5 19. Nd5 f6 20. f4 Nc5 21. f5 g5 22. h4 h6 23. hxg5 hxg5 24. g4 Kg7 25. Rc3 Bc6 26. Rfc1 Bxd5 27. Qxd5 b4 28.
Rc4 Qb6 29. Qd4 Rb8 30. Bf3 Rh8 31. Kg2 Qa5 32. R1c2 Rh4 33. Kg3 Rbh8 34. Bg2 Qc7 35. Qd5 Qa7 36. Rxb4 Nd7 37. Qd4 Qxd4 38. Rxd4 Ne5 39.
Rc7 Rxg4+ 40. Kf2 Rh2 41. Rxe7+ Kf8 42. Re6 Rgxg2+ 43. Kf1 Rf2+ 44. Ke1 Nf3+ 45. Kd1 Rh1# 0-1

[Event "Late-Titled-Tuesday-Blitz-January-23-2024"]
[Site "Chess.com"]
[Date "2024.01.23"]
[Round "11"]
[White "shirovin"]
[Black "SEBAZZANO"]
[Result "0-1"]
[WhiteElo "2023"]
[BlackElo "2223"]
[TimeControl "180+1"]
[EndTime "16:02:01 PST"]
[Termination "SEBAZZANO won by resignation"]

1. e4 e6 2. d4 d5 3. Nc3 dxe4 4.
Nxe4 Bd7 5. Nf3 Bc6 6. Ng3 Nd7 7. Bd3 Ngf6 8. c3 Bd6 9. O-O Bxf3 10. Qxf3 c6 11.
Bg5 O-O 12. Ne4 Be7 13. Bd2 Qb6 14. b4 Rfe8 15. Rab1 Nf8 16. Be3 Qc7 17. Bf4 Qd8 18.
Nc5 b6 19. Nb3 Bd6 20. Nd2 Bxf4 21. Qxf4 Nd5 22. Qe4 Nxc3 23. Qxc6 Nxb1 24. Rxb1 Qxd4 25. Qf3 Rad8 26. Rb3 Ng6 27. Qh3 h6 28. Nf3 Qa1+ 29. Bf1 Rd1 30. g3 Rc8 0-1

[Event "Late-Titled-Tuesday-Blitz-January-23-2024"]
[Site "Chess.com"]
[Date "2024.01.23"]
[Round "11"]
[White "js20000"]
[Black "ChessFighter_2011"]
[Result "0-1"]
[WhiteElo "2877"]
[BlackElo "2946"]
[TimeControl "180+1"]
[EndTime "16:02:04 PST"]
[Termination "ChessFighter_2011 won by resignation"]

1. d4 Nf6 2. c4 g6 3. Nc3 Bg7 4. e4 d6 5. Nf3 O-O 6. Be2 e5 7. O-O Nc6 8. d5 Ne7 9. Ne1 Ne8 10. Nd3 f5 11. f3 f4 12. c5 g5 13. b4 Ng6 14. b5 Rf7 15. a4 Bf8 16. Ba3 h5 17.
a5 Nf6 18. b6 cxb6 19. axb6 dxc5 20. Bxc5 Bxc5+ 21. Nxc5 Qxb6 22. Na4 Qd6 23. Ne6 Bxe6 24. dxe6 Qxe6 25. Rc1 Rc8 26. Kh1 Kg7 27. Nc5 Qb6 28. Nd3 Rxc1 29. Qxc1 g4 30. Nc5 Re7 31. Rd1 Qc6 32.
Qa3 b6 33. Na6 Qc2 34. Re1 Qd2 35. Qa1 Rd7 36. Bb5 Nh4 37. Rg1 Re7 38. Qa3 Ng6 39.
Nb4 Qd6 40. Qb3 a5 41. Nc6 Rc7 42. Rd1 Qc5 43. Nd8 Nf8 44. h3 Qc2 45. Qxc2 Rxc2 46. hxg4 hxg4 47. fxg4 Nxg4 48. Nc6 Nf2+ 0-1

[Event "Late-Titled-Tuesday-Blitz-January-23-2024"]
[Site "Chess.com"]
[Date "2024.01.23"]
[Round "11"]
[White "howitzer14"]
[Black "Ajedrecista3000"]
[Result "1-0"]
[WhiteElo "2951"]
[BlackElo "2589"]
[TimeControl "180+1"]
[EndTime "16:02:04 PST"]
[Termination "howitzer14 won by resignation"]

1. d4 Nf6 2. c4 e6 3. Nc3 Bb4 4.
Bd2 O-O 5. e3 d5 6. cxd5 exd5 7.
Bd3 Re8 8. Nge2 Nbd7 9. a3 Bd6 10.
Nb5 Bf8 11. Bb4 a5 12. Bxf8 Nxf8 13. O-O c6 14. Nbc3 Bg4 15. Qc2 Bxe2 16. Nxe2 g6 17. b4 axb4 18. axb4 Qd6 19. b5 Ne6 20. bxc6 bxc6 21.
Rxa8 Rxa8 22. Rc1 Rc8 23. Ba6 Rc7 24. Nc3 h5 25. Be2 Kg7 26. h4 Rc8 27. Na4 g5 28.
hxg5 Nxg5 29. Qf5 Ne6 30. Nc5 Rh8 31. Nd3 h4 32. Ne5 Rc8 33. Bh5 Rc7 34. Bxf7 Rxf7 35. Qg6+ 1-0

[Event "Late-Titled-Tuesday-Blitz-January-23-2024"]
[Site "Chess.com"]
[Date "2024.01.23"]
[Round "11"]
[White "jefferyx"]
[Black "Rodalquilar"]
[Result "1-0"]
[WhiteElo "2985"]
[BlackElo "2769"]
[TimeControl "180+1"]
[EndTime "16:02:11 PST"]
[Termination "jefferyx won by resignation"]

1. d4 d5 2. c4 e6 3. Nf3 Nf6 4. Nc3 h6 5. e3 Nbd7 6. b3 a6 7. Bb2 b6 8. Bd3 dxc4 9. bxc4 Bb7 10. e4 e5 11. d5 Bd6 12. O-O O-O 13. Bc2 Re8 14.
Ne2 Nc5 15. Ng3 Bc8 16. h3 Bd7 17. Bc3 b5 18. cxb5 axb5 19. Re1 Nh7 20. Bd2 Na4 21. Bb3 Nc5 22. Qc2 Nxb3 23. axb3 Qe7 24. Rac1 Ra3 25.
Bc3 Rea8 26. Bb2 Ra2 27. Qb1 Ng5 28. Nxg5 Qxg5 29. Re2 h5 30. Rce1 g6 31. Bc1 Rxe2 32.
Bxg5 Rea2 33. Qd1 Bc5 34. Rf1 Bd4 35. Nxh5 gxh5 36. Qxh5 R8a6 37. Qh4 Rxf2 38. Rxf2 Ra2 39. Be3 Ra1+ 40. Kh2 Bxe3 41. Qg3+ Kf8 42. Qxe3 1-0

[Event "Late-Titled-Tuesday-Blitz-January-23-2024"]
[Site "Chess.com"]
[Date "2024.01.23"]
[Round "11"]
[White "Grandmaster2B"]
[Black "DefiantChair"]
[Result "1-0"]
[WhiteElo "2780"]
[BlackElo "2586"]
[TimeControl "180+1"]
[EndTime "16:02:12 PST"]
[Termination "Grandmaster2B won by resignation"]

1. d4 Nf6 2. c4 e6 3. g3 d5 4. Bg2 dxc4 5. Nf3 a6 6. O-O Nc6 7. Bg5 Be7 8. e3 Rb8 9. Qc1 b5 10. b3 Na5 11. Nbd2 cxb3 12. axb3 c6 13. Ne5 Bb7 14.
Bxf6 gxf6 15. Nxc6 Bxc6 16. Bxc6+ Kf8 17. Bg2 Bb4 18.
Ne4 Rc8 19. Qb2 h5 20. Rad1 Rh6 21. Nc5 h4 22. Nxa6 hxg3 23. Nxb4 Rxh2 24. fxg3 Rh6 25. Nd3 Qd6 26. Rf3 Kg7 27. Rdf1 Rch8 28. Qc3 Nc6 29. Qc5 Qd7 30. Qxb5 Qd6 31. Qc5 Qd7 32. b4 Ne7 33. Rxf6 Rxf6 34. Rxf6 Nf5 35. Qe5 Kg8 36. g4 Nh4 37. Qg5+ Kf8 38. Ne5 Qd6 39. Rxf7+ Ke8 40. Bc6+ 1-0

[Event "Late-Titled-Tuesday-Blitz-January-23-2024"]
[Site "Chess.com"]
[Date "2024.01.23"]
[Round "11"]
[White "only_strong_moves"]
[Black "RodokininEV"]
[Result "0-1"]
[WhiteElo "2530"]
[BlackElo "2625"]
[TimeControl "180+1"]
[EndTime "16:02:15 PST"]
[Termination "RodokininEV won by resignation"]

1. a4 e5 2. h3 d5 3. d4 Nc6 4. dxe5 Nxe5 5. Nf3 Nxf3+ 6. exf3 Nf6 7. Bd3 Bd6 8. O-O O-O 9. Bg5 h6 10. Bh4 c6 11. c4 Be6 12. cxd5 Bxd5 13. Nc3 g5 14.
Bg3 Bxg3 15. fxg3 Qb6+ 16. Rf2 Rfe8 17. h4 Rad8 18. hxg5 hxg5 19. Qc1 Qe3 20. Qxe3 Rxe3 21. Bc2 Be6 22. a5 Kg7 23. Rd1 Rxd1+ 24. Bxd1 Kf8 25. Rd2 Ke7 26. Na4 Re5 27. b4 Rd5 28. Rxd5 Nxd5 29. Nc5 Bc8 30. Nd3 Bf5 31. Nc5 b6 32. axb6 axb6 33.
Na6 Kd6 34. Be2 Bc8 35. b5 c5 36. Kf2 f5 37. Bc4 Nc3 38. Nb8 Be6 39. Bf1 Bb3 40. Nc6 Ba4 41. Na7 Kd5 42. Ke3 c4 43. Nc6 Kc5 44.
Ne7 Bxb5 45. Nxf5 Bc6 46. Kd2 Nd5 47. Kc2 b5 48. Kb2 Bd7 49. Nh6 Ne3 0-1

[Event "Late-Titled-Tuesday-Blitz-January-23-2024"]
[Site "Chess.com"]
[Date "2024.01.23"]
[Round "11"]
[White "ContrVersia"]
[Black "sergeikim"]
[Result "1-0"]
[WhiteElo "2828"]
[BlackElo "2435"]
[TimeControl "180+1"]
[EndTime "16:02:15 PST"]
[Termination "ContrVersia won by resignation"]

1. c4 Nf6 2. Nc3 g6 3. d4 d6 4. e4 Bg7 5. h3 O-O 6. Be3 e5 7. d5 a5 8. g4 Na6 9. Nge2 Nc5 10. Ng3 Bd7 11. f3 a4 12. Qd2 c6 13. h4 cxd5 14. cxd5 Rc8 15. h5 Qe7 16. Qh2 Bh8 17. Nf5 Bxf5 18. gxf5 Qc7 19. hxg6 fxg6 20. fxg6 Bg7 21.
gxh7+ Kh8 22. Qd2 Nfd7 23. Rh3 a3 24. b4 Na6 25. Nb5 Qb8 26. Nxa3 Nf6 27. Nb5 Rf7 28. a3 Rd7 29. Rc1 Rxc1+ 30. Qxc1 Nc7 31. Ba7 Qa8 32.
Nxc7 Qxa7 33. Ne6 Qb8 34. Bb5 Re7 35. Rg3 Nxh7 36. Rh3 Bf6 37. Qh6 Kg8 38. Qg6+ Kh8 39. Qxf6+ 1-0

[Event "Late-Titled-Tuesday-Blitz-January-23-2024"]
[Site "Chess.com"]
[Date "2024.01.23"]
[Round "11"]
[White "olawsson"]
[Black "PNEPaul"]
[Result "1-0"]
[WhiteElo "2169"]
[BlackElo "1924"]
[TimeControl "180+1"]
[EndTime "16:02:15 PST"]
[Termination "olawsson won by resignation"]

1. d4 a6 2. e4 d6 3. Bd3 g6 4.
Nf3 h6 5. O-O Nd7 6. Re1 Bg7 7.
e5 e6 8. Bf4 d5 9. h4 Ne7 10.
c4 c6 11. Nc3 O-O 12. Qd2 Kh7 13. h5 dxc4 14. hxg6+ fxg6 15. Bxc4 Nd5 16. Nxd5 cxd5 17. Bd3 Nb6 18. Rac1 Bd7 19. g3 Rc8 20. Rxc8 Qxc8 21. Nh4 Be8 22. Rc1 Qd8 23. Qc2 Rxf4 24. Bxg6+ Kh8 25. gxf4 Bc6 26. Ng2 Qf8 27. f5 exf5 28.
Qxf5 Qxf5 29. Bxf5 Nc4 30. b3 Nd2 31. Nh4 Kg8 32. f3 Kf7 33. Rc2 1-0

[Event "Late-Titled-Tuesday-Blitz-January-23-2024"]
[Site "Chess.com"]
[Date "2024.01.23"]
[Round "11"]
[White "FredddieCroderg"]
[Black "Actuary44"]
[Result "0-1"]
[WhiteElo "2381"]
[BlackElo "2486"]
[TimeControl "180+1"]
[EndTime "16:02:20 PST"]
[Termination "Actuary44 won on time"]

1. e4 b6 2. d4 Bb7 3. Bd3 e6 4. Qe2 Nf6 5. Nf3 d5 6. e5 Nfd7 7. O-O c5 8. c3 Nc6 9. a3 Qc7 10. Bf4 O-O-O 11. Nbd2 h6 12. Bg3 g5 13. a4 Be7 14. dxc5 bxc5 15. b4 c4 16. Bc2 h5 17.
h4 gxh4 18. Bxh4 Bxh4 19. Nxh4 Qxe5 20. Qf3 Qf6 21. Qh3 Nce5 22. a5 Rhg8 23. a6 Ba8 24. b5 Nb6 25. Ndf3 Ng4 26. Nd4 e5 27. Bf5+ Kc7 28. Nc6 Bxc6 29. bxc6 Rg5 30. Bd7 Rdg8 31. Rab1 e4 32. Rxb6 Kxb6 33. Rb1+ Kc5 34. Qg3 e3 35. c7 Qxf2+ 36. Qxf2 exf2+ 37. Kf1 d4 38. cxd4+ Kxd4 39. Rb8 Ke3 40. Bxg4 Ra5 0-1

[Event "Late-Titled-Tuesday-Blitz-January-23-2024"]
[Site "Chess.com"]
[Date "2024.01.23"]
[Round "11"]
[White "Zq1"]
[Black "M1711"]
[Result "0-1"]
[WhiteElo "2500"]
[BlackElo "2668"]
[TimeControl "180+1"]
[EndTime "16:02:21 PST"]
[Termination "M1711 won by resignation"]

1. d4 d5 2. c4 e6 3. Nc3 c5 4. cxd5 cxd4 5. Qxd4 exd5 6. Qxd5 Nd7 7. e4 Ngf6 8. Qd1 Bb4 9. a3 Bxc3+ 10. bxc3 Nxe4 11. Qe2 Qe7 12. f3 Nef6 13. Qxe7+ Kxe7 14. a4 Nc5 15. Ba3 b6 16. a5 Be6 17. Kf2 Rhd8 18. Ne2 Rd2 19. Ke1 Rdd8 20. Nd4 Rac8 21. Bb5 Bd5 22. axb6 axb6 23. Ke2 Nd7 24. Rhd1 Kf6 25. Kf2 Ne5 26. Bb4 Bc4 27. Bxc4 Nxc4 28. Ra7 Ne5 29. Kg3 Rd7 30. Rda1 Rcc7 31. Rxc7 Rxc7 32. Ra8 Ncd3 33. Rb8 Nxb4 34. cxb4 Nd7 35. b5 Nxb8 0-1

[Event "Late-Titled-Tuesday-Blitz-January-23-2024"]
[Site "Chess.com"]
[Date "2024.01.23"]
[Round "11"]
[White "carloseduar100"]
[Black "KorolDimitriy75"]
[Result "0-1"]
[WhiteElo "2280"]
[BlackElo "2359"]
[TimeControl "180+1"]
[EndTime "16:02:21 PST"]
[Termination "KorolDimitriy75 won on time"]

1. g3 c5 2. Bg2 g6 3. Nf3 Bg7 4. O-O Nc6 5. d3 e5 6. Nbd2 Nge7 7. e4 d6 8. c3 O-O 9. Qe2 h6 10. Rd1 Kh7 11. Nf1 f5 12. exf5 Nxf5 13. Ne3 Be6 14. Nxf5 Bxf5 15. Be3 Qf6 16. d4 Bg4 17. dxc5 e4 18.
Ng5+ Qxg5 19. Qb5 Qh5 20. Rxd6 Ne5 21. h4 Bf3 22. Bd4 Bxg2 23. Kxg2 Qf3+ 24. Kg1 Rf7 25. Re1 Ng4 26. Rd7 Raf8 27. Qxb7 Bxd4 28. Rf1 Qxg3+ 0-1

[Event "Late-Titled-Tuesday-Blitz-January-23-2024"]
[Site "Chess.com"]
[Date "2024.01.23"]
[Round "11"]
[White "ITheOnlyME"]
[Black "StellarChess"]
[Result "1-0"]
[WhiteElo "2404"]
[BlackElo "2476"]
[TimeControl "180+1"]
[EndTime "16:02:24 PST"]
[Termination "ITheOnlyME won by resignation"]

1. d4 d5 2. Bf4 a6 3. e3 b5 4. Nf3 Bb7 5. Nbd2 Nf6 6. a4 b4 7.
Bd3 Nbd7 8. O-O e6 9. c4 c5 10. Nb3 dxc4 11. Bxc4 Be7 12. Ne5 cxd4 13. Qxd4 Nxe5 14.
Bxe5 Qxd4 15. Nxd4 O-O 16. Rac1 Rfd8 17. Bb3 Rdc8 18.
a5 Rxc1 19. Rxc1 Rc8 20. Rxc8+ Bxc8 21. Nc6 Bf8 22. Bc4 Nd7 23. Bc7 Bb7 24. Nd8 Bc8 25.
Kf1 Nc5 26. Nc6 Ne4 27. Ke2 Bb7 28. Nb8 Nc5 29. Bb6 Bxg2 30. Bxc5 Bxc5 31. Nxa6 Bd6 32.
Kd3 Bxh2 33. Nxb4 h5 34. a6 Ba8 35. Bb5 h4 36. Bc6 Bd6 37. Bxa8 Bxb4 38. Kc4 Ba5 39. Kb5 Bb6 40. Kxb6 h3 41. Bh1 g5 42. a7 1-0

[Event "Late-Titled-Tuesday-Blitz-January-23-2024"]
[Site "Chess.com"]
[Date "2024.01.23"]
[Round "11"]
[White "ansko1999"]
[Black "toninhojit"]
[Result "1-0"]
[WhiteElo "2715"]
[BlackElo "2521"]
[TimeControl "180+1"]
[EndTime "16:02:25 PST"]
[Termination "ansko1999 won by resignation"]

1. d4 Nf6 2. Nc3 c5 3. d5 d6 4. Bg5 Nbd7 5. e4 g6 6. Qd2 h6 7.
Bf4 Bg7 8. Be2 Qa5 9. h4 a6 10. Nf3 b5 11. e5 b4 12. Nd1 dxe5 13. Nxe5 Nxe5 14. Bxe5 O-O 15. O-O Rd8 16. Bf3 Bb7 17.
Bxf6 Bxf6 18. Qxh6 Bxd5 19. Bxd5 Rxd5 20. Ne3 Rh5 21. Qf4 Rxh4 22. Qf3 Rd8 23. g3 Rh5 24. Kg2 Bxb2 25. Nc4 Qa4 26. Nxb2 Qxc2 27. Qb3 Qe4+ 28. f3 Qe2+ 29. Rf2 Rh2+ 30. Kxh2 Qxf2+ 31. Kh3 Rd2 32. Nd3 Qxf3 33. Nf4 g5 34. Qxf3 1-0